 Dungeon Crawl Stone Soup version 0.19-a0-1019-g9c6a58d (webtiles) character file.

3403 Ijustatesigmund the Fighter (level 9, -1/81 HPs)
             Began as a Demonspawn Fighter on July 25, 2016.
             Slain by an ancient zyme (9 damage)
             ... on level 1 of the Abyss.
             The game lasted 00:17:32 (5717 turns).

Ijustatesigmund the Fighter (Demonspawn Fighter)    Turns: 5717, Time: 00:17:33

Health: -1/81      AC:  9    Str: 17    XL:     9   Next: 75%
Magic:  1/9        EV: 17    Int:  9    God:    Xom [...*..]
Gold:   286        SH: 10    Dex: 16    Spells: 0 memorised, 8 levels left

rFire  . . .     SeeInvis .     a - +1 flail
rCold  + . .     Gourm    .     l - +2 ring mail of Whack-A-Mole {-Tele rN++ Regen+ Slay+4}
rNeg   + + .     Faith    .     c - +0 shield
rPois  +         Spirit   .     (helmet restricted)
rElec  .         Dismiss  .     (no cloak)
rCorr  .         Reflect  .     (no gloves)
SustAt .         Harm     .     B - +0 pair of boots
MR     .....     NoTele   +     C - amulet of rage
Stlth  ..........               E - ring of loudness (curse)
                                k - +3 ring of evasion

@: not resistant to hostile enchantments, extremely unstealthy
A: antennae 2, repulsion field 2, blurry vision 1, cold resistance 1, poison
resistance, robust 1, rot immunity
a: Renounce Religion, Evoke Berserk Rage


You were on level 1 of the Abyss.
You worshipped Xom.
You were a favourite toy of Xom.
You were not hungry.

You visited 2 branches of the dungeon, and saw 8 of its levels.
You visited the Abyss 1 time.

You collected 286 gold pieces.

Inventory:

Hand Weapons
 a - a +1 flail (weapon)
 y - a cursed -1 morningstar
Armour
 c - a +0 shield (worn)
 i - a +0 chain mail
 l - the +2 ring mail of Whack-A-Mole (worn) {-Tele rN++ Regen+ Slay+4}
   (You found it on level 4 of the Dungeon)

   It affects your accuracy and damage with ranged weapons and melee attacks
   (+4).
   It greatly protects you from negative energy.
   It prevents most forms of teleportation.
   It increases your rate of regeneration.
 B - a +0 pair of boots (worn)
Jewellery
 e - the macabre finger necklace {rN+}
   (You found it on level 5 of the Dungeon)

   [amulet of nothing]

   It protects you from negative energy.
 k - a +3 ring of evasion (left hand)
 C - an amulet of rage (around neck)
 E - a cursed ring of loudness (right hand)
 G - an uncursed ring of resist corrosion
Wands
 u - a wand of slowing (43/48)
 v - a wand of paralysis (12/24)
Scrolls
 j - a scroll of enchant weapon
 m - a scroll of identify
 p - 2 scrolls of immolation
 t - 2 scrolls of remove curse
 x - 2 scrolls of teleportation
 F - a scroll of recharging
Potions
 d - 6 potions of might
 h - a potion of lignification
 o - 3 potions of flight
 q - a potion of haste
 r - a potion of invisibility {unknown}
 s - a potion of degeneration {unknown}
 w - a potion of mutation {unknown}
 z - a potion of brilliance {unknown}
 A - a potion of cure mutation {unknown}
Comestibles
 b - a beef jerky
 f - a bread ration
 g - 2 royal jellies
 n - 3 meat rations


   Skills:
 + Level 8.1 Fighting
 + Level 6.9 Maces & Flails
 + Level 5.5 Armour
 - Level 4.5 Dodging
 + Level 5.5 Shields


You had 8 spell levels left.
You didn't know any spells.

Dungeon Overview and Level Annotations

Branches:
Dungeon (7/15)             Temple (1/1) D:5

Altars:
Ashenzari
Cheibriados
Elyvilon
Fedhas
Gozag
Hepliaklqana
Kikubaaqudgha
Makhleb
Nemelex Xobeh
Pakellas
Qazlal
Ru
Trog
Uskayaw
Vehumet
Xom
Zin
The Shining One


Innate Abilities, Weirdness & Mutations

You have a pair of antennae on your head.
You are surrounded by a moderate repulsion field. (EV +3)
Your flesh is cold resistant. (rC+)
You are immune to rotting.
Scrolls take you a little longer to read.
Your system is resistant to poisons. (rPois)
You are robust. (+10% HP)


Message History

The ancient zyme is severely damaged.
The hellwing misses you. x2; The hellwing closely misses you.
The hellwing barely misses you. You block the ancient zyme's attack.
The ancient zyme hits you but does no damage.
Unknown command.
You hit the ancient zyme but do no damage.
The ancient zyme is severely damaged.
The hellwing hits you!
* * * LOW HITPOINT WARNING * * *
The hellwing hits you but does no damage.
The hellwing barely misses you. You block the hellwing's attack.
The ancient zyme misses you. You block the ancient zyme's attack.
You hit the ancient zyme but do no damage.
The ancient zyme is severely damaged.
The hellwing barely misses you. The hellwing misses you.
The hellwing completely misses you. The hellwing hits you.
* * * LOW HITPOINT WARNING * * *
The ancient zyme barely misses you. The ancient zyme hits you!
You die...
Xom snickers!

#.# ... # . . #
# . #.# . ## .
#. ... ...
#.##G### ####.
.#.. #
#.##.§#x4§#....
.#..#..
#.....§@### 8..
8 #.#. #
.#...#4§#..#..∩
## _..#
#..#.§##§..##
###.#..... .
#... #.##.
.##.... ....
###.# .#..#. ..
. ##.#.
#....##...... #
....
#...#.##.....#
# .#.# #
..###.. .# # #.
.## ..#.### .


You could see an ancient zyme, 2 hellwings and an eye of draining.

Vanquished Creatures
  Pikel (D:7)
  Joseph (D:7)
  Grinder (D:6)
  A water moccasin (D:5)
  An orc warrior (D:6)
  A black bear (D:6)
  An ice beast (D:6)
  An ogre (D:5)
  2 necrophages (D:5)
  2 centaurs (D:6)
  Blork the orc (D:4)
  A scorpion (D:6)
  5 wights (D:6)
  A howler monkey (D:5)
  The ghost of p0werm0de the Digger, a weakling DsEE (D:3)
  5 crimson imps
  A giant frog zombie (D:5)
  A jelly (D:5)
  5 orc priests
  2 hounds
  13 orc wizards
  2 giant frog skeletons
  A centaur skeleton (D:4)
  An iguana (D:4)
  3 worker ants
  A hound skeleton (D:4)
  Robin (D:4)
  4 gnolls (D:6)
  6 adders
  A shadow imp (D:5)
  An ooze (D:5)
  2 adder zombies (D:5)
  An adder skeleton (D:4)
  A worm (D:2)
  3 dart slugs
  2 giant geckos (D:2)
  37 orcs
  9 bats
  5 giant cockroaches
  16 goblins
  9 hobgoblins
  9 jackals
  4 quokkas
  A giant gecko skeleton (D:5)
  4 giant newts
  11 kobolds
  A quokka zombie (D:5)
  15 rats
199 creatures vanquished.

Vanquished Creatures (collateral kills)
  An orc wizard (D:7)
1 creature vanquished.

Vanquished Creatures (others)
  A slave (D:7)
  An orc (D:7)
  3 jackals (D:7)
  A jackal skeleton (D:7)
6 creatures vanquished.

Grand Total: 206 creatures vanquished

Notes
Turn   | Place    | Note
-------+----------+-------------------------------------------
     0 | D:1      | Ijustatesigmund the Demonspawn Fighter began the quest for the Orb.
     0 | D:1      | Reached XP level 1. HP: 18/18 MP: 1/1
   174 | D:1      | Gained mutation: Your flesh is cold resistant. (rC+) [demonic ancestry]
   174 | D:1      | Reached XP level 2. HP: 24/24 MP: 2/2
   559 | D:2      | Reached skill level 1 in Dodging
   571 | D:2      | Reached XP level 3. HP: 27/29 MP: 3/3
  1026 | D:2      | Noticed a moth of wrath
  1029 | D:2      | Found a bloodstained altar of Trog.
  1391 | D:2      | Reached skill level 4 in Fighting
  1673 | D:2      | Reached XP level 4. HP: 36/37 MP: 4/4
  1785 | D:3      | Noticed p0werm0de's ghost (weakling DsEE)
  1792 | D:3      | Killed p0werm0de's ghost
  1792 | D:3      | Gained mutation: You are surrounded by a mild repulsion field. (EV +2) [demonic ancestry]
  1792 | D:3      | Reached XP level 5. HP: 40/43 MP: 5/5
  2374 | D:3      | Found a burning altar of Makhleb.
  2459 | D:4      | Noticed Robin
  2479 | D:4      | Killed Robin
  2481 | D:4      | Gained mutation: You are immune to rotting. [demonic ancestry]
  2481 | D:4      | Reached XP level 6. HP: 8/49 MP: 6/6
  2810 | D:4      | Reached skill level 5 in Fighting
  2985 | D:4      | Got a crude ring mail
  2996 | D:4      | Identified the +2 ring mail of Whack-A-Mole {-Tele rN++ Regen+ Slay+4} (You found it on level 4 of the Dungeon)
  3322 | D:4      | Found a blossoming altar of Fedhas.
  3440 | D:4      | Noticed Blork the orc
  3472 | D:4      | Killed Blork the orc
  3472 | D:4      | Gained mutation: You have a pair of small antennae on your head. [demonic ancestry]
  3472 | D:4      | Reached XP level 7. HP: 32/56 MP: 7/7
  3612 | D:4      | Found a white marble altar of Elyvilon.
  3762 | D:5      | Entered Level 5 of the Dungeon
  3799 | D:5      | Reached skill level 6 in Fighting
  4064 | D:5      | Gained mutation: You are surrounded by a moderate repulsion field. (EV +3) [demonic ancestry]
  4064 | D:5      | Reached XP level 8. HP: 64/64 MP: 8/8
  4106 | D:5      | Found a staircase to the Ecumenical Temple.
  4115 | Temple   | Entered the Ecumenical Temple
  4141 | Temple   | Became a worshipper of Xom of Chaos
  4201 | D:5      | XOM: silly message
  4295 | D:5      | Reached skill level 5 in Maces & Flails
  4299 | D:5      | XOM: butterfly on damage
  4307 | D:5      | XOM: smoke on damage
  4331 | D:5      | XOM: give mutation
  4331 | D:5      | Gained mutation: Scrolls take you a little longer to read. [Xom's mischief]
  4473 | D:5      | Gained mutation: Your system is resistant to poisons. (rPois) [potion of beneficial mutation]
  4474 | D:5      | Gained mutation: You are robust. (+10% HP) [potion of beneficial mutation]
  4585 | D:5      | XOM: god gift: short smoking staff {god gift}
  4633 | D:5      | XOM: summons 1 hostile demon
  4831 | D:5      | XOM: mild Ice miscast
  4923 | D:5      | XOM is BORED!
  4923 | D:5      | XOM: noise
  4951 | D:6      | XOM: enchant monster (good)
  4954 | D:6      | Reached skill level 7 in Fighting
  5016 | D:6      | Gained mutation: You have a pair of antennae on your head. [demonic ancestry]
  5016 | D:6      | Reached XP level 9. HP: 77/79 MP: 9/9
  5044 | D:6      | XOM: summons 2 friendly demons
  5164 | D:6      | Found a stormy altar of Qazlal.
  5203 | D:6      | Found an oddly glowing altar of Pakellas.
  5234 | D:6      | Found a glowing silver altar of Zin.
  5249 | D:6      | Found a hide-covered altar of Uskayaw.
  5250 | D:6      | Noticed Grinder
  5252 | D:6      | Found a radiant altar of Vehumet.
  5257 | D:6      | Killed Grinder
  5268 | D:6      | Found a glowing golden altar of the Shining One.
  5268 | D:6      | Found a sacrificial altar of Ru.
  5406 | D:6      | Reached skill level 5 in Shields
  5540 | D:6      | XOM: harmless Conj miscast
  5614 | D:7      | Noticed Pikel
  5620 | D:7      | XOM: enchant monster (good)
  5626 | D:7      | XOM: swap monsters
  5627 | D:7      | Noticed Joseph
  5628 | D:7      | Killed Pikel
  5628 | D:7      | Reached skill level 5 in Armour
  5636 | D:7      | XOM: cast spell 'Death Channel'
  5640 | D:7      | XOM: summons friendly iron imp
  5641 | D:7      | XOM: cast spell 'Cause Fear'
  5644 | D:7      | Killed Joseph
  5644 | D:7      | Reached skill level 8 in Fighting
  5663 | D:7      | Cast into level 1 of the Abyss (orc)
  5685 | Abyss:1  | Found a corrupted altar of Lugonu.
  5703 | Abyss:1  | Noticed an ancient zyme
  5704 | Abyss:1  | Noticed a hellwing
  5709 | Abyss:1  | Noticed a hellwing
  5712 | Abyss:1  | XOM: fog
  5717 | Abyss:1  | Slain by an ancient zyme

Vault maps used:
D:1:      wheals_arrival_shading
D:2:      tgw_trog, feat_on_display
D:3:      overflow_temple_1_default, lightli_corner_chamber
D:4:      lemuel_crystal_altar, lemuel_doored_altar, minivault_23,
          serial_bayou_lake_a, uniq_robin, uniq_blork_the_orc
D:5:      kennysheep_windowed_halls, first_bread
D:6:      grunt_temple_overflow_open, basic_altar, minmay_misc_feat_x,
          serial_bayou_pond_a, uniq_grinder
D:7:      nicolae_overflow_hidden_temple, uniq_joseph, uniq_pikel
Temple:   chequers_temple_sunken

Skill      XL: |  1  2  3  4  5  6  7  8  9 |
---------------+----------------------------+-----
Maces & Flails | 2 3 4 5 6 |  6.9
Dodging        | 1 2 3 4 |  4.5
Fighting       | 4 5 6 7 8 |  8.1
Shields        | 4 5 |  5.5
Armour         | 4 5 |  5.5

Action                   |  1- 3 |  4- 6 |  7- 9 || total
-------------------------+-------+-------+-------++-------
Melee: Flail             |   177 |   243 |   335 ||   755
 Abil: Evoke Berserk Rag |       |       |     1 ||     1
  Use: Scroll            |     7 |     8 |     3 ||    18
       Potion            |       |     3 |     6 ||     9
  Eat: Chunk             |     3 |     7 |     5 ||    15
       Bread ration      |       |       |     1 ||     1
Armor: Scale mail        |    86 |    75 |       ||   161
       Chain mail        |       |    15 |       ||    15
       Ring mail         |       |    11 |   141 ||   152
Dodge: Dodged            |    51 |   174 |   274 ||   499
Block: Shield            |    85 |   173 |   227 ||   485
